 Dungeon Crawl Stone Soup version 0.28-a0-474-g535839065c (webtiles) character file.

Game seed: 978140246629515617

10137 SkeletonJelly the Thaumaturge (level 11, -1/82 HPs)
             Began as a Black Draconian Cinder Acolyte on Sept 15, 2021.
             Was a High Priest of Ignis.
             Slain by a cane toad (8 damage)
             ... on level 1 of the Lair of Beasts.
             The game lasted 00:27:33 (14746 turns).

SkeletonJelly the Thaumaturge (DrCA)               Turns: 14746, Time: 00:27:33

Health: -1/82      AC:  8    Str: 17    XL:     11   Next: 32%
Magic:  26/26      EV: 11    Int: 18    God:    Ignis [*****.]
Gold:   544        SH:  0    Dex: 12    Spells: 26/33 levels left

rFire   + + .      SeeInvis .   N - staff of fire
rCold   . . .      Faith    .   (no shield)
rNeg    . . .      Spirit   .   (armour unavailable)
rPois   .          Reflect  .   (helmet restricted)
rElec   +          Harm     .   (no cloak)
rCorr   .          Rampage  .   j - +0 pair of gloves
Will    .....                   (no boots)
Stlth   +.........              f - amulet of magic regeneration
HPRegen 0.23/turn               e - +6 ring of dexterity
MPRegen 0.45/turn               H - ring of wizardry

@: no status effects
A: breathe lightning, AC +7, unfitting armour, electricity resistance,
cold-blooded
a: Breathe Lightning, Renounce Religion, Sea of Fire, Foxfire Swarm, Rising
Flame


You were on level 1 of the Lair of Beasts.
You worshipped Ignis.
Ignis was extremely pleased with you.
You visited 3 branches of the dungeon, and saw 12 of its levels.

You collected 544 gold pieces.

Inventory:

Hand Weapons
 a - a -1 falchion of flaming
 L - a +2 short sword of electrocution
 T - the +3 war axe of Amorality {vorpal, rC++ rN+ rCorr Str+4}
   (You found it on level 10 of the Dungeon)

   It inflicts extra damage upon your enemies.
   Str:       It affects your strength (+4).
   rC:        It greatly protects you from cold.
   rN:        It protects you from negative energy.
   rCorr:     It protects you from acid and corrosion.
Missiles
 d - 6 boomerangs of dispersal
 q - 59 poisoned darts
 u - 6 javelins
 y - 2 curare-tipped darts
 D - 3 silver javelins
 S - 2 throwing nets
Armour
 j - a +0 pair of gloves (worn)
 w - a +0 buckler
Magical Staves
 N - a staff of fire (weapon)
Jewellery
 e - a +6 ring of dexterity (left hand)
 f - an amulet of magic regeneration (around neck)
 l - a ring of resist corrosion
 r - an amulet of the acrobat
 t - a ring of protection from cold
 H - a ring of wizardry (right hand)
 I - a ring of protection from cold
 Q - a +4 ring of evasion
Wands
 s - a wand of iceblast (3)
 x - a wand of flame (38)
Scrolls
 b - a scroll of magic mapping {unknown}
 h - 5 scrolls of immolation
 k - 2 scrolls of silence
 n - a scroll of noise {unknown}
 o - a scroll of vulnerability
 A - 2 scrolls of teleportation
 B - 2 scrolls of blinking {unknown}
 C - a scroll of fear {unknown}
 E - 2 scrolls of brand weapon {unknown}
 F - 3 scrolls of enchant weapon {unknown}
 M - 2 scrolls of holy word {unknown}
 O - 3 scrolls of identify
 P - a scroll of torment {unknown}
Potions
 c - a potion of mutation
 g - a potion of attraction
 i - 4 potions of curing
 m - 3 potions of magic
 p - a potion of might
 v - 2 potions of heal wounds
 z - a potion of haste {unknown}
 G - a potion of brilliance
 J - 2 potions of ambrosia
 K - a potion of berserk rage {unknown}
 R - a potion of flight {unknown}


   Skills:
 - Level 3.2 Fighting
 - Level 4.0 Long Blades
 * Level 11.8 Spellcasting
 - Level 1.2 Translocations
 - Level 11.0 Fire Magic
 + Level 5.2 Evocations


You had 26 spell levels left.
You knew the following spells:

 Your Spells              Type           Power      Damage    Failure   Level
a - Scorch                Fire           100%       2d10      1%          2
B - Blink                 Tloc           N/A        N/A       2%          2
L - Lesser Beckoning      Tloc           15%        N/A       4%          3

Your spell library contained the following spells:

 Spells                   Type           Power      Damage    Failure   Level
 Apportation              Tloc           30%        N/A       1%          1
 Animate Skeleton         Necr           20%        N/A       2%          1
 Freeze                   Ice            40%        1d6       2%          1
 Summon Small Mammal      Summ           40%        N/A       2%          1
 Corpse Rot               Necr/Air       N/A        N/A       4%          2
 Poisonous Vapours        Pois/Air       20%        N/A       4%          2
 Frozen Ramparts          Ice            20%        1d4       9%          3
 Hailstorm                Conj/Ice       10%        3d5       26%         4
 Manifold Assault         Tloc           15%        N/A       38%         5


Dungeon Overview and Level Annotations

Branches:
Dungeon (10/15)            Temple (1/1) D:6            Lair (1/6) D:10
    Orc (0/2) D:10

Altars:
Ashenzari
Cheibriados
Dithmenos
Elyvilon
Fedhas
Gozag
Hepliaklqana
Kikubaaqudgha
Makhleb
Nemelex Xobeh
Okawaru
Qazlal
Ru
Sif Muna
Trog
Uskayaw
Vehumet
Wu Jian
Xom
Yredelemnul
Zin
The Shining One

Shops:
D:5 ?   D:8 ?(:


Innate Abilities, Weirdness & Mutations

You can breathe wild blasts of lightning.
Your glossy black scales are hard. (AC +7)
You cannot fit into any form of body armour.
You are resistant to electric shocks. (rElec)
You are cold-blooded and may be slowed by cold attacks.


Message History

The yak's fire resistance burns away.
You feel sick.
You hear a bellow! x4
You take 1 damage, and have 43/82 hp.
You now have 16/26 mp.
You feel a surge of power!
Flames lash the yak.
The yak is burned terribly!
The yak is heavily wounded.
You feel sick.
You hear a bellow!
A yak comes into view.
You take 1 damage, and have 42/82 hp.
You now have 15/26 mp.
You feel a surge of power!
Flames lash the yak.
The yak is burned terribly!
The yak is almost dead.
You feel sick.
You hear a bellow!
A yak comes into view.
You take 1 damage, and have 41/82 hp.
You now have 13/26 mp.
You are too injured to fight recklessly!
You are too injured to fight recklessly!
You are too injured to fight recklessly!
You are too injured to fight recklessly!
You are too injured to fight recklessly!
You feel sick.
You take 1 damage, and have 40/82 hp.
Casting: Scorch (safe; 1% risk of failure)
Confirm with . or Enter, or press ? or * to list all spells.
You feel a surge of power!
Flames lash the yak.
The yak is burned terribly!
You kill the yak!
You feel sick.
You now have 12/26 mp.
You feel sick.
You are no longer poisoned.
A yak comes into view.
You take 1 damage, and have 39/82 hp.
A yak comes into view.
The yak bellows!
A yak comes into view.
The yak moves out of view.
The yak gores the plant.
The plant begins to die.
A yak comes into view.
The yak gores the plant.
A polar bear comes into view.
The polar bear growls angrily.
Found a rapier.
A cane toad comes into view.
The polar bear bites you. The polar bear closely misses you.
The polar bear claws you but does no damage.
You take 4 damage, and have 40/82 hp.
The cane toad stings you.
You take 3 damage, and have 37/82 hp.
MP restored: 26 The cane toad stings you!
* * * LOW HITPOINT WARNING * * *
You take 17 damage, and have 21/82 hp.
MASSIVE DAMAGE!!
The cane toad stings you!
* * * LOW HITPOINT WARNING * * *
You take 12 damage, and have 10/82 hp.
That's the wrong kind of item! (Use * to select it.) Evoke which item? (* to show all) (? for menu, Esc to quit)
Aiming: Iceblast
Press: ? - help, Shift-Dir - straight line The mass of ice explodes!
The iceblast engulfs the polar bear!
The polar bear partially resists.
The polar bear is moderately wounded.
The iceblast engulfs the yak!!
The yak is severely wounded.
The iceblast engulfs the cane toad!!
The cane toad is severely wounded.
The cane toad stings you.
* * * LOW HITPOINT WARNING * * *
You take 4 damage, and have 6/82 hp.
Flames leap up around you!
The cane toad stings you but does no damage.
The polar bear bites you but does no damage.
The polar bear closely misses you. The polar bear barely misses you.
The foxfire hits the yak but does no damage.
The yak is severely wounded.
Your foxfire dissipates!
The foxfire hits the cane toad but does no damage.
The cane toad is severely wounded.
The foxfire hits the cane toad.
The cane toad is severely wounded.
The foxfire hits the polar bear.
The polar bear is moderately wounded.
The foxfire hits the cane toad.
The cane toad is almost dead.
The foxfire hits the cane toad but does no damage.
The cane toad is almost dead.
The foxfire hits the cane toad.
The cane toad is almost dead.
The foxfire hits the cane toad.
The cane toad is almost dead.
The foxfire hits the cane toad but does no damage.
The cane toad is almost dead.
The foxfire hits the cane toad but does no damage.
The cane toad is almost dead.
The foxfire hits the cane toad but does no damage.
The cane toad is almost dead.
The foxfire hits the cane toad.
The cane toad is almost dead.
The cane toad stings you!
You die...

..................#...## ..
....)......###........P# ##...
........##.8.#.#.####.###.#...
.......#........## P.......#+
...........8....## ##.........
....##....#.##..Y###........#
....# ..#.#####.h.##..<.....#
...#...### ###F.§#........#
.### .#§v@§§###.#....# ..
..v§§§§§§§....#....#
..>.§8.....8#........
..............#......
....###...#####....## ####
#.... #... #...### ... #...##
.. ...#


You could see a polar bear (ally target), a yak and a cane toad (ally target).

Vanquished Creatures
  A fire dragon (D:10)
  A hydra (Lair:1)
  Pikel (D:5)
  2 cane toads (Lair:1)
  A komodo dragon (Lair:1)
  A troll (D:9)
  A hornet (D:9)
  Grinder (D:6)
  Sigmund (D:5)
  2 wyverns
  17 yaks
  A steam dragon (D:7)
  4 orc warriors
  3 ice beasts
  A black bear (D:5)
  5 ogres
  A necrophage (D:5)
  A centaur (D:9)
  A phantom (D:4)
  4 lemures
  3 bullfrogs
  2 gnoll sergeants
  A scorpion (D:7)
  2 water moccasin skeletons (D:6)
  8 killer bees
  4 wights
  3 howler monkeys
  An electric eel (D:6)
  A bullfrog zombie (D:6)
  9 orc priests
  A jelly (D:4)
  A centaur skeleton (D:6)
  5 iguanas
  12 orc wizards
  Natasha (D:3)
  A hound zombie (D:5)
  2 howler monkey zombies (D:9)
  16 gnolls
  A howler monkey skeleton (D:7)
  7 adders
  A white imp (D:7)
  An ufetubus (D:5)
  2 worms (D:2)
  50 orcs
  9 ball pythons
  6 bats
  9 endoplasms
  4 giant cockroaches
  8 goblins
  12 hobgoblins
  3 jackals (D:3)
  4 quokkas
  3 frilled lizards
  6 kobolds
  8 rats
  12 foxfires (D:6)
269 creatures vanquished.

Vanquished Creatures (others)
  A wight (D:7)
  18 foxfires
  2 fungi (Lair:1)
  4 plants
  5 toadstools (D:1)
30 creatures vanquished.

Grand Total: 299 creatures vanquished

Notes
Turn   | Place    | Note
-------+----------+-------------------------------------------
     0 | D:1      | SkeletonJelly the Draconian Cinder Acolyte began the quest
                  | for the Orb.
     0 | D:1      | Reached XP level 1. HP: 19/19 MP: 2/2
   178 | D:1      | Reached XP level 2. HP: 22/26 MP: 3/3
   533 | D:1      | Found Dohearit's Antique Weapon Shoppe.
   545 | D:1      | Found a faded altar of an unknown god.
   852 | D:1      | Learned a level 2 spell: Scorch
  1083 | D:2      | Reached XP level 3. HP: 31/31 MP: 1/4
  1277 | D:2      | Found a shimmering altar of Xom.
  1659 | D:2      | Reached XP level 4. HP: 31/38 MP: 5/5
  2360 | D:3      | Noticed Natasha
  2365 | D:3      | Killed Natasha
  2577 | D:3      | Reached XP level 5. HP: 42/45 MP: 2/7
  2613 | D:3      | Reached skill level 5 in Fire Magic
  3076 | D:4      | Noticed an ogre
  3230 | D:4      | Found an iron altar of Okawaru.
  3328 | D:4      | Found a hazy altar of Hepliaklqana.
  3381 | D:4      | Noticed a phantom
  3385 | D:4      | Killed a phantom
  3386 | D:4      | Reached XP level 6. HP: 51/51 MP: 3/9
  3758 | D:4      | Found a glowing golden altar of the Shining One.
  4023 | D:5      | Entered Level 5 of the Dungeon
  4062 | D:5      | Noticed an ice beast
  4065 | D:5      | Your scales start taking on a glossy black colour.
  4065 | D:5      | Reached XP level 7. HP: 57/57 MP: 5/12
  4065 | D:5      | Gained mutation: You are resistant to electric shocks.
                  | (rElec) [Black Draconian growth]
  4207 | D:5      | Found Kenoass's Magic Scroll Shoppe.
  4208 | D:5      | Noticed Pikel
  4438 | D:5      | Reached XP level 8. HP: 41/63 MP: 7/14
  4780 | D:5      | Noticed Sigmund
  4788 | D:5      | Killed Sigmund
  4893 | D:5      | Killed Pikel
  4894 | D:5      | Reached skill level 5 in Spellcasting
  5324 | D:6      | Found a staircase to the Ecumenical Temple.
  5503 | D:6      | Reached skill level 10 in Fire Magic
  5504 | D:6      | Reached XP level 9. HP: 55/70 MP: 8/17
  5656 | D:6      | Noticed Grinder
  5667 | D:6      | Killed Grinder
  6662 | Temple   | Entered the Ecumenical Temple
  7710 | D:7      | Reached XP level 10. HP: 76/77 MP: 7/22
  8156 | D:7      | Found a burning altar of Makhleb.
  8166 | D:7      | Found a shimmering altar of Xom.
  8168 | D:7      | Found a stormy altar of Qazlal.
  8231 | D:7      | Found a sacrificial altar of Ru.
  8548 | D:7      | Found a hide-covered altar of Uskayaw.
  8550 | D:7      | Found a bloodstained altar of Trog.
 10047 | D:8      | Found Hoream's Antique Weapon Emporium.
 10061 | D:8      | Learned a level 2 spell: Blink
 10379 | D:8      | Found Vasuesh's Magic Scroll Shoppe.
 10588 | D:8      | Reached skill level 1 in Translocations
 11050 | D:8      | Found Nudorem's Book Shoppe.
 11172 | D:9      | Reached skill level 10 in Spellcasting
 11172 | D:9      | Reached skill level 1 in Evocations
 11987 | D:9      | Learned a level 3 spell: Lesser Beckoning
 12295 | D:10     | Entered Level 10 of the Dungeon
 12447 | D:10     | Found a staircase to the Lair.
 12448 | D:10     | Noticed a fire dragon
 12491 | D:10     | Killed a fire dragon
 13037 | D:10     | Found a staircase to the Orcish Mines.
 13084 | D:10     | Identified the +3 war axe of Amorality {vorpal, rC++ rN+
                  | rCorr Str+4}
 13445 | D:10     | Reached XP level 11. HP: 70/82 MP: 20/26
 14028 | Lair:1   | Entered Level 1 of the Lair of Beasts
 14029 | Lair:1   | Noticed a six-headed hydra
 14049 | Lair:1   | Killed a six-headed hydra
 14442 | Lair:1   | Reached skill level 5 in Evocations
 14746 | Lair:1   | Slain by a cane toad

Illustrated notes

Levels and vault maps discovered:
D:1:      ldierk_walled_garden, layout_rooms, serial_shops, shop,
          hellmonk_ecumenical_altar_blasted
D:2:      layout_loops_ring, basic_altar
D:3:      layout_basic, uniq_natasha
D:4:      layout_basic, kennysheep_mini_moat, tso_oasis_becter,
          nicolae_hepliaklqana_hippocampus
D:5:      layout_gridville, serial_shops, nicolae_shop_stone, uniq_sigmund,
          uniq_pikel
D:6:      layout_rooms, minmay_temple_entry_arrows, solitary_fountain,
          minmay_crystal_water, uniq_grinder
D:7:      layout_loops_ring, amcnicky_altar_gilded,
          nicolae_overflow_hidden_temple, st_stairs_7
D:8:      layout_layer_cave, serial_shops, shop, nicolae_lakefront_shop,
          nicolae_shop_temple_entry_statues_fountains
D:9:      layout_basic
D:10:     layout_loops_ring, minmay_lair_entry_lava, orc_0_dummy
Temple:   nicolae_temple_figure_eight
Lair:1:   layout_chaotic_city, wad_woods_03, grunt_megastairs_5

Skill      XL: |  1  2  3  4  5  6  7  8  9 10 11 |
---------------+----------------------------------+-----
Long Blades    | 4 |  4.0
Fire Magic     | 4 5 6 8 10 11 | 11.0
Spellcasting   | 2 3 4 5 8 11 | 11.8
Translocations | 1 |  1.2
Evocations     | 4 5 |  5.2
Fighting       | |  3.2

Action                   |  1- 3 |  4- 6 |  7- 9 | 10-12 || total
-------------------------+-------+-------+-------+-------++-------
Melee: Falchion          |   102 |    39 |    13 |    14 ||   168
       Tailslap          |     6 |       |     2 |     1 ||     9
       Staff             |       |       |       |     7 ||     7
 Cast: Scorch            |    20 |    67 |   163 |   220 ||   470
Invok: Foxfire Swarm     |       |       |     1 |     1 ||     2
 Abil: Breathe Lightning |       |       |     3 |       ||     3
Evoke: Wand              |       |       |       |     9 ||     9
  Use: Scroll            |       |       |       |    12 ||    12
Armor: Skin              |    35 |    22 |    71 |    45 ||   173
Dodge: Dodged            |    79 |    41 |    94 |    78 ||   292

Table legend: (Time is in decaauts)
 A = Elapsed time spent in this place.
 B = Non-inter-level travel time spent in this place.
 C = Inter-level travel time spent in this place.
 D = Time resting spent in this place.
 E = Time spent auto-exploring this place.
 F = Levels seen in this place.
 G = Mean time per level.
                   A        B        C        D        E       F      G
               +--------+--------+--------+--------+--------+-----+--------+
         Total |  14790 |  14163 |    627 |      4 |  12275 |  12 | 1232.5 |
       Dungeon |  13860 |  13243 |    617 |      4 |  11455 |  10 | 1386.0 |
        Temple |    212 |    202 |     10 |      0 |    201 |   1 |  212.0 |
          Lair |    717 |    717 |      0 |      0 |    619 |   1 |  717.0 |
               +--------+--------+--------+--------+--------+-----+--------+

Top non-repeatable levels by time:
     D:7: 2228 daAuts
     D:8: 1626 daAuts
     D:9: 1477 daAuts
    D:10: 1452 daAuts
     D:5: 1446 daAuts
     D:6: 1405 daAuts
     D:4: 1110 daAuts
     D:1: 1096 daAuts
     D:3: 1043 daAuts
     D:2: 972 daAuts
  Lair:1: 717 daAuts
  Temple: 212 daAuts
